 Dungeon Crawl Stone Soup version 0.27.1-3-gb3d3a73c9e (webtiles) character file.

Game seed: 16100601473410853580

81 flimflam the Ruffian (level 4, -3/40 HPs)
             Began as a Ghoul Monk on Oct 6, 2021.
             Slain by a gnoll (7 damage)
             ... on level 3 of the Dungeon.
             The game lasted 00:22:53 (4077 turns).

flimflam the Ruffian (Ghoul Monk)                   Turns: 4077, Time: 00:22:53

Health: -3/40      AC:  0    Str: 14    XL:     4   Next: 42%
Magic:  3/3        EV: 12    Int:  5    God:
Gold:   102        SH:  0    Dex: 12    Spells: 3/3 levels left

rFire    . . .     SeeInvis +     - Unarmed
rCold    + . .     Faith    +   (no shield)
rNeg     + + +     Spirit   .   (no armour)
rPois    ∞         Reflect  .   (no helmet)
rElec    .         Harm     .   (no cloak)
rCorr    .         Rampage  .   (no gloves)
Will     .....                  (no boots)
Stlth    ++........             y - amulet of faith
HPRegen  0.00/turn              z - ring of see invisible
MPRegen  0.08/turn              (no ring)

@: inhibited regen
A: claws 1, cold resistance 1, negative energy resistance 3, inhibited
regeneration, torment resistance 2
a: no special abilities


You were on level 3 of the Dungeon.
You visited 1 branch of the dungeon, and saw 3 of its levels.

You collected 121 gold pieces.
You spent 19 gold pieces at shops.

Inventory:

Hand Weapons
 b - a +0 hunting sling
 d - a +0 club
 e - a +0 dagger
 g - a +0 dagger
 h - a +0 dagger
 i - a +0 club
 k - a +0 dagger
 p - a +0 dagger
 q - a +0 mace
 s - a +0 dagger
 t - a +0 dagger
 v - a +0 whip
 A - a +0 dagger
 C - a +0 dagger
 D - a +0 short sword
Missiles
 j - 31 stones (quivered)
 r - 33 bolts
 B - 12 sling bullets
Armour
 a - a +0 robe
 c - a +1 scale mail
 f - a +0 leather armour
 o - a +0 leather armour
 x - a +0 leather armour
 E - a +0 robe
 F - a +0 robe
 G - a +1 ring mail of fire resistance
Jewellery
 y - an amulet of faith (around neck)
 z - a ring of see invisible (left claw)
Scrolls
 l - a scroll of noise
 n - a scroll of immolation {unknown}
Potions
 m - a potion of mutation {unknown}
 u - a potion of invisibility {unknown}
 w - a potion of curing {unknown}


   Skills:
 + Level 3.8 Fighting
 + Level 0.3(0.4) Slings
 + Level 0.2(0.3) Throwing
 + Level 1.4 Armour
 + Level 3.0 Dodging
 + Level 2.3 Stealth
 + Level 4.1 Unarmed Combat


You had 3 spell levels left.
You didn't know any spells.
Your spell library was empty.

Dungeon Overview and Level Annotations

Branches:
Dungeon (3/15)

Altars:

Shops:
D:1 (   D:2 =   D:3 *


Innate Abilities, Weirdness & Mutations

You thrive by killing the living.
You are immune to poison.
You have sharp fingernails.
Your flesh is cold resistant. (rC+)
You are immune to negative energy. (rN+++)
You do not regenerate when monsters are visible.
You are immune to unholy pain and torment.


Message History

The gnoll hits you with a +0 whip.
You claw the gnoll!
The gnoll is almost dead.
The gnoll misses you.
You closely miss the gnoll.
The gnoll is almost dead.
The gnoll hits you with a +0 whip!
You barely miss the gnoll.
The gnoll is almost dead.
The gnoll completely misses you.
You barely miss the gnoll.
The gnoll is almost dead.
The gnoll closely misses you.
You completely miss the gnoll.
The gnoll is almost dead.
The gnoll hits you with a +0 whip.
You completely miss the gnoll.
The gnoll is almost dead.
The gnoll barely misses you.
You scratch the gnoll.
You kill the gnoll!
You feel better.
A gnoll comes into view. It is wielding a +0 spear.
You see here a +0 whip.
The gnoll shouts! 2 gnolls come into view.
The gnoll shouts!
The gnoll hits you from afar with a +0 spear.
* * * LOW HITPOINT WARNING * * *
The gnoll hits you from afar with a +0 spear!
Keep equipping yourself?
* * * LOW HITPOINT WARNING * * *
You start putting on your armour.
You continue putting on your +1 ring mail of fire resistance.
The gnoll misses you.
You continue putting on your +1 ring mail of fire resistance.
The gnoll closely misses you. The gnoll barely misses you.
You continue putting on your +1 ring mail of fire resistance.
The gnoll barely misses you. The gnoll hits you with a +0 club!
You die...

.. ...# #.. ...# ####.######g###
##.#. #. .............. .#..##.#
^^†#.######.####.#..#.#
._^...........)......#
.....######.##.#....##).
............>.g##g....##
................g.##....
...........#....@.....#
..............###.....#
.............###..###.###..
..........................#######
...................####.....#....
...........####..................
..........### #....##............
..##.........##....##............
####...............##............


You could see 3 gnolls.

Vanquished Creatures
  A gnoll (D:3)
  An adder (D:2)
  2 dart slugs (D:3)
  8 bats
  4 endoplasms
  4 giant cockroaches
  4 goblins
  3 hobgoblins
  6 jackals (D:1)
  6 kobolds
  8 ball pythons
  A frilled lizard (D:2)
  5 rats
53 creatures vanquished.

Notes
Turn   | Place    | Note
-------+----------+-------------------------------------------
     0 | D:1      | flimflam the Ghoul Monk began the quest for the Orb.
     0 | D:1      | Reached XP level 1. HP: 19/19 MP: 0/0
   967 | D:1      | Reached XP level 2. HP: 26/26 MP: 1/1
  1092 | D:1      | Reached XP level 3. HP: 19/31 MP: 2/2
  2003 | D:1      | Reached skill level 1 in Armour
  2406 | D:1      | Found Kejiran's Weapon Shoppe.
  2433 | D:1      | Bought a +0 hunting sling for 19 gold pieces
  2924 | D:2      | Found Bestri's Assorted Antiques.
  3292 | D:2      | Reached skill level 4 in Unarmed Combat
  3414 | D:2      | Reached XP level 4. HP: 31/39 MP: 3/3
  3474 | D:2      | Found Sexelas's Jewellery Shop.
  3786 | D:3      | Found Jalez's Assorted Antiques.
  3960 | D:3      | Found a faded altar of an unknown god.
  4077 | D:3      | Slain by a gnoll

Illustrated notes

Levels and vault maps discovered:
D:1:      evilmike_arrival_fibonacci_small, layout_loops_ring, serial_shops,
          nicolae_shop_crystal, minmay_misc_feat_five
D:2:      layout_basic, serial_shops, shop_statue, nicolae_shop_stone
D:3:      layout_rooms, ebering_ecumenical_altar_webs, serial_shops,
          nicolae_square_shop, grunt_decor_arrowhead, amethyst_killhole

Skill      XL: |  1  2  3 |
---------------+----------+-----
Armour         | 1 |  1.4
Unarmed Combat | 4 |  4.1
Dodging        | 3 |  3.0
Fighting       | |  3.8
Slings         | |  0.3
Throwing       | |  0.2
Stealth        | |  2.3

Action                   |  1- 3 |  4- 6 || total
-------------------------+-------+-------++-------
Melee: Unarmed           |   127 |    28 ||   155
 Fire: Hunting sling     |       |     6 ||     6
Throw: Stone             |    36 |     7 ||    43
  Use: Scroll            |     2 |       ||     2
Armor: Scale mail        |   125 |    30 ||   155
Dodge: Dodged            |   118 |    29 ||   147
